 Dungeon Crawl Stone Soup version 0.25-a0-464-g3004169 (webtiles) character file.

Game seed: 15755130485540271691, levelgen mode: deterministic

1295 15 the Conjurer (level 8, -8/43 HPs)
             Began as a Tengu Fire Elementalist on Feb 3, 2020.
             Was an Initiate of Vehumet.
             Killed from afar by an orc (43 damage)
             ... with an exploding inner flame
             ... hexed by the player character
             ... on level 6 of the Dungeon.
             The game lasted 00:24:26 (5417 turns).

15 the Conjurer (Tengu Fire Elementalist)           Turns: 5417, Time: 00:24:27

Health: -8/43      AC:  5    Str: 10    XL:     8   Next: 56%
Magic:  7/14       EV: 17    Int: 16    God:    Vehumet [......]
Gold:   217        SH:  2    Dex: 15    Spells: 3/14 levels left

rFire    . . .     SeeInvis .   b - +0 rapier
rCold    . . .     Gourm    .   (no shield)
rNeg     . . .     Faith    .   n - +0 robe
rPois    .         Spirit   .   (helmet restricted)
rElec    .         Reflect  +   o - +2 cloak
rCorr    .         Harm     .   (no gloves)
MR       .....                  (boots unavailable)
Stlth    +++.......             i - +2 amulet of reflection
HPRegen  0.14/turn              j - +1 ring of evasion
MPRegen  0.14/turn              (no ring)

@: flying quickly and evasively, quick
A: beak, talons 3, able to fly
a: Stop Flying, Renounce Religion


You were on level 6 of the Dungeon.
You worshipped Vehumet.
Vehumet was noncommittal.
You were not hungry.

You visited 2 branches of the dungeon, and saw 7 of its levels.

You collected 217 gold pieces.

Inventory:

Hand Weapons
 b - a +0 rapier (weapon)
 k - a +0 mace
 l - a +0 scythe
 u - a +0 flail
Missiles
 m - 27 poisoned darts (quivered)
Armour
 n - a +0 robe (worn)
 o - a +2 cloak (worn)
 s - the +2 ring mail of the Cast Vote {Int+4}
   (You found it on level 5 of the Dungeon)

   It affects your intelligence (+4).
   If you switch to wearing this armour, your AC will rise 6 points (5 -> 11)
Jewellery
 i - a +2 amulet of reflection (around neck)
 j - a +1 ring of evasion (left hand)
Wands
 d - a wand of random effects (11)
Scrolls
 h - 2 scrolls of remove curse
 q - a scroll of amnesia
Potions
 a - a potion of curing
 e - a potion of flight
 f - 2 potions of agility
 g - 2 potions of cancellation
 p - a potion of mutation
 r - a potion of magic {unknown}
Comestibles
 c - 8 rations
 t - 2 chunks of flesh


   Skills:
 + Level 1.3 Fighting
 + Level 2.0 Short Blades
 + Level 0.9 Maces & Flails
 + Level 0.4 Polearms
 + Level 2.0 Throwing
 * Level 4.0 Armour
 + Level 3.7 Dodging
 + Level 4.0 Stealth
 + Level 3.7 Spellcasting
 * Level 5.8 Conjurations
 + Level 4.9 Fire Magic
 * Level 2.6 Evocations


You had 3 spell levels left.
You knew the following spells:

 Your Spells              Type           Power        Failure   Level  Hunger
a - Foxfire               Conj/Fire      ###.         1%          1    None
b - Inner Flame           Hex/Fire       ##......     19%         3    ###....
c - Conjure Flame         Conj/Fire      ###.....     6%          3    ###....
d - Sticky Flame          Conj/Fire      ###.....     19%         4    ####...

Your spell library contained the following spells:

 Spells                   Type           Power        Failure   Level  Hunger
 Summon Small Mammal      Summ           #...         17%         1    None
 Call Imp                 Summ           #.......     26%         2    ##.....
 Call Canine Familiar     Summ           #.......     45%         3    ###....
 Summon Guardian Golem    Hex/Summ       #.......     45%         3    ###....
 Fireball                 Conj/Fire      ###.......   47%         5    ######.
 Summon Ice Beast         Ice/Summ       #.......     86%         4    ####...
 Summon Lightning Spire   Summ/Air       #.......     86%         4    ####...


Dungeon Overview and Level Annotations

Branches:
Dungeon (6/15)             Temple (1/1) D:5

Altars:
Ashenzari
Elyvilon
Fedhas
Gozag
Hepliaklqana
Kikubaaqudgha
Makhleb
Okawaru
Qazlal
Vehumet
Wu Jian
Xom
Yredelemnul
Zin
The Shining One

Shops:
D:2 *   D:5 }


Innate Abilities, Weirdness & Mutations

You have a beak for a mouth.
You have claws for feet.
You can fly continuously.


Message History

The quokka barely misses you.
Unknown command.
Unknown command.
Casting: Foxfire (safe; 1% risk of failure)
Confirm with . or Enter, or press ? or * to list all spells.
Aiming: Inner Flame (safe; 19% risk of failure)
Press: ? - help, Shift-Dir - straight line, f - orc
Aim: an orc, wielding a +0 flail and wearing a +0 leather armour (chance to defeat MR: 75%)
The orc is filled with an inner flame.
The foxfire hits the quokka!
You kill the quokka!
Vehumet accepts your kill.
The foxfire hits the orc.
The orc is heavily wounded.
You closely miss the orc.
Flame seeps out of the orc.
You claw the orc.
The orc is moderately wounded.
The orc is engulfed in blazing flames.
The orc explodes!
The fiery explosion engulfs you!!!
Ouch! That really hurt!
You die...

,,,,,,,,***,**,,,,,***+**,>*****,
*******,* *,******** *,***** **
*,* *,* *,* *,* *,* *,#
*,***,##########.#
*,,,,,...........####**
*,,*#.#######<.......,* **
*,,##.....§o§.#######,* ,*
*,,.......@○o.# *,*
,*******,############******,*
,,,,,,,,,**,,,,,,,,,,,,,,,,,*
,**********,***************** ,*
*,* ,* *,* ,**********,*
,,,,,,,,,,,,* ,************


You could see 2 orcs.

Vanquished Creatures
  Sigmund (D:3)
  Eustachio (D:5)
  Menkaure (D:4)
  A water moccasin (D:4)
  2 phantoms
  2 ogres
  A howler monkey (D:6)
  A crimson imp (D:5)
  2 orc priests (D:3)
  2 orc wizards (D:3)
  2 worker ants (D:5)
  A hound zombie (D:5)
  6 adders
  A shadow imp (D:5)
  An ooze (D:1)
  An adder skeleton (D:4)
  3 worms
  A dart slug (D:1)
  4 leopard geckos
  15 orcs
  6 bats
  8 giant cockroaches
  10 goblins
  7 hobgoblins
  3 quokkas
  A ball python (D:1)
  13 frilled lizards
  A jackal skeleton (D:5)
  9 kobolds
  A leopard gecko skeleton (D:5)
  7 rats
115 creatures vanquished.

Vanquished Creatures (others)
  266 foxfires
266 creatures vanquished.

Grand Total: 381 creatures vanquished

Notes
Turn   | Place    | Note
-------+----------+-------------------------------------------
     0 | D:1      | 15 the Tengu Fire Elementalist began the quest for the Orb.
     0 | D:1      | Reached XP level 1. HP: 10/10 MP: 4/4
    75 | D:1      | Reached XP level 2. HP: 10/15 MP: 3/6
   350 | D:1      | Reached XP level 3. HP: 19/19 MP: 3/7
   382 | D:1      | Learned a level 3 spell: Inner Flame
  1120 | D:2      | Reached skill level 2 in Conjurations
  1177 | D:2      | Reached XP level 4. HP: 21/24 MP: 1/8
  1182 | D:2      | Learned a level 3 spell: Conjure Flame
  1293 | D:2      | Found Zin's Purification Station.
  1297 | D:2      | Found a glowing silver altar of Zin.
  1547 | D:2      | Found a blossoming altar of Fedhas.
  1808 | D:3      | Reached skill level 3 in Conjurations
  1808 | D:3      | Gained mutation: You can fly continuously. [Tengu growth]
  1808 | D:3      | Reached XP level 5. HP: 28/28 MP: 6/9
  1839 | D:3      | Reached skill level 1 in Armour
  1932 | D:3      | Reached skill level 1 in Short Blades
  1967 | D:3      | Reached XP level 6. HP: 30/32 MP: 2/11
  2059 | D:3      | Found a faded altar of an unknown god.
  2073 | D:3      | Noticed Sigmund
  2097 | D:3      | Killed Sigmund
  2097 | D:3      | Reached skill level 1 in Throwing
  2097 | D:3      | Reached skill level 4 in Conjurations
  2353 | D:3      | Learned a level 4 spell: Sticky Flame
  2514 | D:3      | Found a stormy altar of Qazlal.
  2685 | D:4      | Noticed a water moccasin
  2693 | D:4      | Killed a water moccasin
  2693 | D:4      | Reached XP level 7. HP: 37/37 MP: 12/12
  2840 | D:4      | Noticed Menkaure
  2851 | D:4      | Killed Menkaure
  2851 | D:4      | Reached skill level 1 in Evocations
  3393 | D:4      | Reached skill level 1 in Fighting
  3936 | D:5      | Entered Level 5 of the Dungeon
  4036 | D:5      | Reached XP level 8. HP: 41/43 MP: 10/14
  4063 | D:5      | Found a glowing golden altar of the Shining One.
  4064 | D:5      | Noticed Eustachio
  4086 | D:5      | Killed Eustachio
  4086 | D:5      | Reached skill level 5 in Conjurations
  4195 | D:5      | Got a polished ring mail
  4206 | D:5      | Identified the +2 ring mail of the Cast Vote {Int+4} (You
                  | found it on level 5 of the Dungeon)
  4545 | D:5      | Found Juom's Gadget Shop.
  4782 | D:5      | Found a staircase to the Ecumenical Temple.
  4833 | Temple   | Entered the Ecumenical Temple
  5074 | Temple   | Became a worshipper of Vehumet
  5417 | D:6      | Killed from afar by an orc

Levels and vault maps discovered:
D:1:      wander_arrival_fairy_ring, layout_loops_ring, minmay_misc_feat_roman,
          corexii_leaking_fountain, minmay_lizard_king
D:2:      layout_loops_ring, zin_purify, marbit_many_paths, minmay_tromino_v2
D:3:      layout_basic, nicolae_qazlal_eye_of_the_storm,
          chequers_ecumenical_altar_simple, uniq_sigmund
D:4:      cheibrodos_old_hovel, layout_basic, corexii_checkpoint_a,
          uniq_menkaure
D:5:      layout_loops_corners, temple_doors_e, first_ration, serial_shops,
          nicolae_shop_trees, nicolae_tso_carved_into_rock, uniq_eustachio
D:6:      layout_basic, basic_altar, minmay_checkerbox
Temple:   minmay_temple_curvy_loop

Skill      XL: |  1  2  3  4  5  6  7  8 |
---------------+-------------------------+-----
Fire Magic     | 4 |  4.9
Conjurations   | 2 3 4 5 |  5.8
Armour         | 1 2 3 4 |  4.0
Short Blades   | 1 2 |  2.0
Throwing       | 1 2 |  2.0
Spellcasting   | 3 |  3.7
Dodging        | 3 |  3.7
Stealth        | 3 4 |  4.0
Evocations     | 1 2 |  2.6
Fighting       | 1 |  1.3
Maces & Flails | |  0.9
Polearms       | |  0.4

Action                   |  1- 3 |  4- 6 |  7- 9 || total
-------------------------+-------+-------+-------++-------
Melee: Unarmed           |    13 |       |       ||    13
       Kick              |    18 |     8 |    13 ||    39
       Dagger            |    66 |    37 |    33 ||   136
       Peck              |    10 |     7 |     9 ||    26
       Mace              |       |    25 |       ||    25
       Rapier            |       |       |    18 ||    18
       Scythe            |       |       |    11 ||    11
Throw: Dart              |       |    17 |       ||    17
 Cast: Foxfire           |    62 |    41 |    86 ||   189
       Conjure Flame     |       |       |     1 ||     1
       Inner Flame       |       |       |     1 ||     1
 Abil: Fly               |       |       |     1 ||     1
Evoke: Wand              |       |     4 |    13 ||    17
  Use: Scroll            |     2 |     1 |     5 ||     8
       Potion            |       |     6 |     1 ||     7
 Stab: Sleeping          |     3 |     3 |     2 ||     8
       Paralysed         |       |     2 |     3 ||     5
       Confused          |       |       |     1 ||     1
  Eat: Chunk             |     2 |     4 |     4 ||    10
       Ration            |       |       |     2 ||     2
Armor: Robe              |    20 |     3 |    34 ||    57
       Skin              |       |    29 |       ||    29
Dodge: Dodged            |    66 |    29 |    95 ||   190
Block: Other             |     4 |     2 |     6 ||    12
       Reflection        |     1 |       |       ||     1

Table legend:
 A = Non-vault XP
 B = Vault XP
 C = Vault XP percentage of total XP
 D = Non-vault monster count
 E = Vault monster count
 F = Vault count percentage of total count
                 A         B        C        D         E       F
            +---------+---------+-------+---------+---------+-------
      Total |    1221 |     629 |  34.0 |      98 |      17 |  14.8
            +---------+---------+-------+---------+---------+-------
        D:1 |      51 |      11 |  17.7 |      27 |       9 |  25.0
        D:2 |      23 |       4 |  14.8 |      14 |       2 |  12.5
        D:3 |     234 |     238 |  50.4 |      25 |       1 |   3.8
        D:4 |     427 |     191 |  30.9 |      12 |       4 |  25.0
        D:5 |     300 |     185 |  38.1 |      16 |       1 |   5.9
        D:6 |     186 |       0 |   0.0 |       4 |       0 |   0.0
            +---------+---------+-------+---------+---------+-------
